Map: Echo LE

Players

llllllllllll - Winner!

  • Race: Zerg Zerg
  • Spawn Location: 11:00

SolO

  • Race: Zerg Zerg
  • Spawn Location: 5:00

Event: LycanGTV LotV Beta Tournament 1

VOD

Have the link to the VOD?

Description

Time

  • Played on: April 2, 2015, 1:40 p.m.
  • Length: 10:38

All games in this series

Show
View Real Time Build Order
Export as new Build Order

llllllllllll Zerg - Winner!

Build Orders: Hatch First 

Get SALT Encoding   

  12  0:02  Drone  
  13  0:12  Overlord  
  13  0:19  Drone  
  14  0:30  Drone x2  
  16  0:35  Drone  
  17  0:45  Drone  
  18  0:54  Hatchery  
  17  0:57  Drone  
  17  1:01  Extractor  
  17  1:11  Spawning Pool  
  17  1:15  Drone  
  17  1:18  Drone  
  18  1:29  Drone  
  19  1:38  Overlord  
  19  1:50  Drone  
  20  1:59  Queen  
  20  2:00  Metabolic Boost  
  20  2:01  Drone  
  23  2:06  Zergling x2, Queen  
  26  2:12  Drone  
  27  2:22  Spine Crawler  
  27  2:27  Zergling x2  
  27  2:28  Zergling x2  
  28  2:34  Queen  
  30  2:38  Drone  
  30  2:39  Drone x2  
  33  2:49  Overlord  
  33  2:51  Lair  
  33  2:59  Spore Crawler  
  33  3:05  Spine Crawler  
  31  3:07  Zergling x4  
  31  3:12  Drone  
  34  3:15  Drone  
  34  3:16  Drone x2  
  37  3:33  Drone  
  37  3:34  Drone x5  
  43  3:37  Overlord  
  43  3:47  Zergling x6  
  44  3:49  Overseer  
  43  4:02  Overseer  
  43  4:04  Queen  
  44  4:12  Drone  
  44  4:13  Drone x4  
  47  4:34  Drone x6  
  50  4:39  Overseer  
  50  4:45  Drone  
  51  4:49  Spire  
  51  4:50  Extractor  
  51  4:51  Extractor  
  48  4:53  Extractor  
  48  4:55  Drone  
  48  4:56  Overlord  
  48  4:57  Drone  
  49  5:04  Drone x2  
  49  5:06  Overlord  
  51  5:19  Drone  
  51  5:20  Drone x5  
  57  5:24  Drone x2  
  59  5:29  Overlord  
  59  5:37  Drone x6  
  65  5:48  Hatchery  
  64  5:51  Overlord  
  64  5:56  Overlord  
  64  6:04  Mutalisk  
  64  6:05  Mutalisk x2  
  64  6:07  Mutalisk  
  64  6:09  Mutalisk  
  74  6:15  Mutalisk  
  74  6:17  Drone x3  
  79  6:25  Evolution Chamber, Drone  
  79  6:26  Roach Warren  
  79  6:31  Overseer  
  78  6:33  Mutalisk x2  
  78  6:35  Drone  
  83  6:48  Drone x2  
  83  6:49  Drone x4  
  89  7:06  Drone x6  
  95  7:15  Drone x2  
  96  7:20  Overlord  
  97  7:23  Extractor  
  97  7:24  Extractor  
  97  7:29  Overlord x3  
  95  7:30  Glial Reconstitution  
  95  7:31  Zerg Missile Weapons Level 1  
  95  7:40  Hatchery  
  87  7:51  Drone  
  87  7:52  Drone x5  
  87  7:56  Drone x6  
  99  8:01  Hatchery  
  98  8:08  Roach x9  
  114  8:16  Roach x2  
  118  8:23  Roach  
  118  8:24  Roach  
  122  8:29  Roach x3, Extractor  
  122  8:30  Overlord, Roach  
  122  8:33  Overlord, Extractor  
  128  8:37  Burrow  
  130  8:48  Roach  
  130  8:52  Overlord, Roach x6  
  130  8:53  Overlord x2  
  142  8:59  Overlord  
  142  9:00  Overlord  
  142  9:07  Roach x4  
  150  9:18  Roach  
  150  9:19  Roach x3  
  150  9:22  Ravager x13  
  150  9:23  Ravager x4  
  150  9:24  Roach  
  177  9:30  Roach  
  177  9:31  Roach x5  
  182  9:48  Roach  
  182  9:49  Roach x7  
  195  10:17  Roach x3  
Show
View Real Time Build Order
Export as new Build Order

SolO Zerg 

Build Orders: Pool First 

Get SALT Encoding   

  12  0:02  Drone  
  13  0:13  Overlord  
  13  0:18  Drone  
  14  0:31  Drone  
  14  0:32  Drone  
  16  0:37  Drone  
  16  0:40  Extractor  
  16  0:47  Spawning Pool  
  15  0:50  Drone  
  17  0:57  Drone  
  17  1:11  Overlord  
  17  1:19  Drone  
  18  1:30  Drone  
  19  1:34  Roach Warren, Queen  
  19  1:39  Drone  
  21  1:51  Overlord  
  21  2:10  Burrow  
  21  2:14  Roach  
  21  2:15  Roach  
  27  2:22  Roach  
  27  2:34  Roach  
  29  2:45  Roach x3  
  29  2:47  Overlord  
  29  2:50  Drone  
  36  2:58  Roach  
  36  3:01  Hatchery  
  37  3:09  Roach  
  39  3:17  Drone x3  
  42  3:22  Roach x3  
  42  3:30  Roach x3  
  42  3:35  Drone x3  
  42  3:40  Evolution Chamber  
  44  3:41  Extractor  
  43  3:50  Roach x3  
  43  3:52  Drone x2  
  43  3:53  Drone  
  46  3:58  Overlord x2  
  44  4:18  Zerg Missile Weapons Level 1, Lair  
  44  4:19  Queen  
  44  4:21  Drone  
  41  4:37  Roach x3  
  39  4:38  Drone  
  39  4:39  Drone  
  39  4:42  Roach  
  41  4:46  Roach  
  41  4:48  Drone  
  44  4:53  Roach  
  44  4:55  Drone  
  47  5:01  Roach  
  47  5:02  Roach  
  51  5:10  Drone x2  
  51  5:12  Drone x2  
  55  5:26  Glial Reconstitution  
  55  5:30  Hatchery  
  54  5:36  Overlord  
  54  5:56  Drone x5  
  59  5:58  Overlord x2  
  59  6:04  Extractor  
  58  6:07  Drone x2  
  58  6:08  Overlord  
  58  6:09  Overlord  
  60  6:14  Zerg Missile Weapons Level 2  
  60  6:18  Roach x3  
  66  6:20  Ravager  
  66  6:24  Drone  
  68  6:26  Roach x2  
  68  6:32  Roach x2  
  76  6:35  Drone x2  
  78  6:42  Queen  
  78  6:45  Queen  
  82  6:49  Ravager  
  82  6:52  Ravager  
  84  6:54  Drone x3  
  84  6:55  Spore Crawler  
  86  7:03  Spore Crawler, Drone  
  86  7:04  Drone  
  86  7:06  Spore Crawler  
  80  7:09  Spore Crawler  
  80  7:15  Ravager x2  
  81  7:18  Ravager  
  81  7:22  Drone x3  
  85  7:24  Roach x3  
  85  7:25  Drone x2  
  85  7:26  Drone, Spore Crawler  
  85  7:29  Spore Crawler  
  86  7:30  Drone x4  
  86  7:34  Spore Crawler  
  86  7:36  Ravager  
  90  7:47  Overlord x2  
  90  7:55  Extractor  
  89  8:10  Overlord  
  89  8:16  Infestation Pit  
  89  8:18  Overlord  
  88  8:28  Overlord  
  88  8:33  Overlord  
  88  8:34  Overlord x5  
  86  8:53  Ravager  
  86  8:54  Ravager x7  
  86  8:55  Drone x9  
  100  9:00  Drone x2  
  100  9:01  Roach x3  
  100  9:02  Roach x3  
  117  9:04  Drone  
  117  9:05  Drone x8, Extractor  
  117  9:06  Extractor  
  117  9:08  Roach x3  
  127  9:20  Roach  
  127  9:21  Roach x4  
  131  9:32  Overlord x3  
  131  9:40  Roach x3  
  131  9:41  Overlord x2  
  130  9:52  Roach x6  
  142  9:56  Roach x2  
  142  9:57  Roach  
  145  10:04  Roach  
  145  10:05  Roach x4  
  152  10:13  Ravager  
  152  10:14  Ravager x2  
  148  10:17  Roach x3  
  148  10:18  Roach  

Tags
 
Add a new tag
Caveats
  • Supply blocks, unpowered buildings, or Contaminate may cause inaccurate times.
  • Supply counts are checked every 10 seconds.